 Dungeon Crawl Stone Soup version 0.31-a0-1293-g5190ab2 (webtiles) character file.

Game seed: 6609831602788164158

18791 PublicAnimeNo1 the Covert (level 12, -2/75 HPs)
             Began as a Kobold Enchanter on Dec 18, 2023.
             Was an Elder of Wu Jian.
             Shot with an arrow by an orc warrior (9 damage)
             ... on level 1 of the Orcish Mines.
             The game lasted 00:31:29 (14966 turns).

PublicAnimeNo1 the Covert (Kobold Enchanter)       Turns: 14966, Time: 00:31:30

Health: -2/75      AC: 12    Str: 10    XL:     12   Next: 99%
Magic:  5/18       EV: 16    Int: 26    God:    Wu Jian [****..]
Gold:   1135       SH:  7    Dex: 18    Spells: 8/19 levels left

rFire   . . .        N - +1 dagger (distort)
rCold   . . .        E - +2 buckler of Ninywk {rPois rCorr Dex+3 SInv}
rNeg    . . .        G - +0 acid dragon scales
rPois   +            f - +1 helmet
rElec   .            p - scarf {shadows}
rCorr   +            h - +0 pair of gloves
SInv    +            t - +2 pair of boots of Jireisse {Str+3 Slay+2}
Will    +....        (no amulet)
Stlth   ++++++       k - +6 ring of intelligence
HPRegen 0.32/turn    C - ring of willpower
MPRegen 0.16/turn

%: no passive effects
@: no status effects
A: small, no large weapons, nightstalker 3
a: Renounce Religion, Wall Jump, Serpent's Lash


You were on level 1 of the Orcish Mines.
You worshipped Wu Jian.
Wu Jian was greatly pleased with you.
You visited 3 branches of the dungeon, and saw 13 of its levels.
You also visited: Ossuary and Bailey.

You collected 1135 gold pieces.

Inventory:

Hand Weapons
 a - a +2 heavy dagger
 v - a +1 short sword of venom
 H - a +2 dagger of holy wrath
 N - a +1 dagger of distortion (weapon)
Armour
 f - a +1 helmet (worn)
 h - a +0 pair of gloves (worn)
 p - a scarf of shadows (worn)
 t - the +2 pair of boots of Jireisse (worn) {Str+3 Slay+2}
   (You acquired it on level 4 of the Dungeon)

   Str+3:     It affects your strength (+3).
   Slay+2:    It affects your accuracy & damage with ranged weapons and melee
   (+2).
 B - an orb of guile
 E - the +2 buckler of Ninywk (worn) {rPois rCorr Dex+3 SInv}
   (You acquired it on level 8 of the Dungeon)

   Dex+3:     It affects your dexterity (+3).
   rPois:     It protects you from poison SInv: It lets you see invisible.
   rCorr:     It protects you from acid and corrosion.
 F - a +2 ring mail of positive energy
 G - +0 acid dragon scales (worn)
 M - a +1 robe of cold resistance
Jewellery
 c - a ring of positive energy
 d - a ring of ice
 k - a +6 ring of intelligence (left hand)
 C - a ring of willpower (right hand)
 D - a ring of positive energy
 J - a ring of willpower
Wands
 b - a wand of charming (3)
 u - a wand of roots (11)
 x - a wand of mindburst (22)
 z - a wand of polymorph (2)
 I - a wand of digging (5)
 O - a wand of quicksilver (3)
Scrolls
 l - 5 scrolls of teleportation
 w - 3 scrolls of blinking
 y - 2 scrolls of fog
 A - 5 scrolls of identify
 L - 2 scrolls of amnesia
Potions
 e - a potion of might
 g - 3 potions of attraction
 i - 6 potions of brilliance
 j - 2 potions of ambrosia
 m - 7 potions of heal wounds
 n - 5 potions of curing
 o - a potion of cancellation
 q - 2 potions of mutation
 r - 2 potions of degeneration
 s - a potion of magic
 K - a potion of invisibility


   Skills:
 + Level 8.8 Fighting
 - Level 10.0 Short Blades
 + Level 6.0 Dodging
 + Level 11.8 Stealth
 - Level 4.0 Shields
 + Level 4.4 Spellcasting
 - Level 4.0 Conjurations
 + Level 11.1 Hexes
 - Level 4.0 Ice Magic
 - Level 6.5 Evocations


You had 8 spell levels left.
You knew the following spells:

 Your Spells              Type           Power      Damage    Failure   Level
a - Ensorcelled Hibernat  Hex/Ice        90%        N/A       1%          2
b - Confusing Touch       Hex            59%        N/A       1%          3
c - Tukima's Dance        Hex            59%        N/A       1%          3
d - Dazzling Flash        Conj/Hex       90%        N/A       2%          3

Your spell library contained the following spells:

 Spells                   Type           Power      Damage    Failure   Level
 Fulminant Prism          Conj/Hex       22%        3d12      9%          4
 Ozocubu's Armour         Ice            26%        N/A       11%         3
 Apportation              Tloc           10%        N/A       19%         1
 Necrotise                Necr           20%        1d5       19%         1
 Summon Small Mammal      Summ           20%        N/A       19%         1
 Volatile Blastmotes      Fire/Tloc      10%        2d10      50%         3
 Iskenderun's Mystic Bla  Conj/Tloc      16%        2d5       63%         4
 Malign Gateway           Summ/Tloc      2%         N/A       100%        7
 Ozocubu's Refrigeration  Ice            13%        4d10      100%        7
 Summon Horrible Things   Summ           2%         N/A       100%        8


Dungeon Overview and Level Annotations

Branches:
Dungeon (11/15)            Temple (1/1) D:6            Lair (0/5) D:11
    Orc (1/2) D:11        Ossuary (visited)          Bailey (visited)

Altars:
Ashenzari
Cheibriados
Dithmenos
Elyvilon
Fedhas
Gozag
Hepliaklqana
Kikubaaqudgha
Makhleb
Nemelex Xobeh
Okawaru
Qazlal
Ru
Sif Muna
Trog
Uskayaw
Vehumet
Wu Jian
Xom
Yredelemnul
Zin
The Shining One

Shops:
D:2 [   D:6 (

Annotations:
D:8 1 runed translucent door
Abyss:1 Erica


Innate Abilities, Weirdness & Mutations

You are small and have problems with some larger weapons.
You are completely attuned to the shadows.


Message History

The orc is moderately wounded.
You barely miss the orc.
The orc is moderately wounded.
The orc warrior hits you with a +0 glaive!
The orc warrior completely misses you.
You hit the orc.
You kill the orc!
The Council accepts your kill. You block the orc warrior's attack. x2
Aiming: Ensorcelled Hibernation (safe; 1% risk of failure)
Press: ? - help, Q - select action, (/) - cycle Shift-Dir - straight line, f - orc warrior
Aim: an orc warrior, wielding a +0 glaive and wearing a +0 chain mail (heavily wounded, chance to affect: 69%)
The orc warrior struggles to resist.
The orc warrior hits you but does no damage.
The orc warrior closely misses you.
You hit the orc warrior but do no damage.
Space warps around the orc warrior.
The orc warrior is severely wounded.
You hit the orc warrior but do no damage.
The orc warrior is severely wounded.
The orc warrior blinks!
The orc warrior barely misses you.
You hit the orc warrior but do no damage.
Space warps horribly around the orc warrior!
The orc warrior is moderately wounded.
Aiming: Ensorcelled Hibernation (safe; 1% risk of failure)
Press: ? - help, Q - select action, (/) - cycle Shift-Dir - straight line, f/p - orc warrior
Aim: an orc warrior, wielding a +0 glaive and wearing a +0 chain mail (severely wounded, chance to affect: 69%)
The orc warrior looks drowsy...
The orc warrior hits you with a +0 halberd!
* * * LOW HITPOINT WARNING * * *
The orc warrior unwields a +0 halberd.
The orc warrior wields a +0 orcbow.
The orc warrior shoots an arrow.
The arrow completely misses you.
The orc warrior shouts!
Items here: )) [[ †.
You completely miss the orc warrior.
The orc warrior is severely wounded.
The orc warrior hits you with a +0 glaive!
* * * LOW HITPOINT WARNING * * *
The orc warrior shoots an arrow.
The arrow hits you!
You die...

##....# ..###.#..##
..........#
..........##
.......#...#
...............####
#.................#.##
.....)...............#
o.[#)@o......<.)..#.##
..)$.>)..........#...#
...o).............#.#.
......................
....#...............#.
...#.................
.#.............##...
...............)..>.
....###.............


You could see 2 orc warriors.

Vanquished Creatures
  Josephine (D:11)
  Erolcha (Orc:1)
  Fannar (D:11)
  A boulder beetle (D:10)
  A two-headed ogre (D:9)
  Sonja (D:10)
  2 orc knights
  A cyclops (D:11)
  An elephant (D:11)
  A gargoyle (D:10)
  A kobold demonologist (D:11)
  Jeremiah (D:6)
  A komodo dragon (D:10)
  Maggie (D:6)
  2 trolls
  2 hornets
  A shadow (D:9)
  3 wraiths (D:11)
  A basilisk (D:11)
  12 yaks
  3 wyverns
  2 steam dragons
  Edmund (D:6)
  3 vampire mosquitoes (D:11)
  Menkaure (D:6)
  4 acid dragons
  2 hornet zombies (D:8)
  4 ice beasts
  10 orc warriors
  4 black bears
  An ogre (Orc:1)
  A phantom (D:7)
  4 centaurs
  3 kobold brigands (D:11)
  5 bullfrogs
  4 scorpions
  A wyvern zombie (D:8)
  10 wights
  6 killer bees
  4 howler monkeys
  3 hounds
  A jelly (D:6)
  4 centaur zombies (D:8)
  12 orc priests
  3 sleepcaps
  Ijyb (D:5)
  Natasha (twice) (D:4)
  An iguana (D:4)
  14 orc wizards
  8 mummies (Ossuary)
  Robin (D:3)
  4 howler monkey zombies (D:8)
  7 gnolls
  3 adders
  4 worms
  3 dart slugs
  70 orcs
  11 ball pythons
  4 bats
  6 endoplasms
  4 giant cockroaches
  20 goblins
  13 hobgoblins
  4 jackals
  6 quokkas
  3 frilled lizards
  2 gnoll zombies (Ossuary)
  A hobgoblin zombie (Ossuary)
  18 kobolds
  2 kobold zombies (Ossuary)
  2 orc zombies (Ossuary)
  11 rats
357 creatures vanquished.

Vanquished Creatures (collateral kills)
  2 gnolls (D:7)
2 creatures vanquished.

Vanquished Creatures (others)
  A dancing weapon (Bailey)
  An orc wizard (D:8)
2 creatures vanquished.

Grand Total: 361 creatures vanquished

Notes
Turn   | Place    | Note
-------+----------+-------------------------------------------
     0 | D:1      | PublicAnimeNo1 the Kobold Enchanter began the quest for the
                  | Orb.
     0 | D:1      | Reached XP level 1. HP: 10/10 MP: 3/3
    89 | D:1      | Reached XP level 2. HP: 16/16 MP: 5/5
    92 | D:1      | Learned a level 2 spell: Ensorcelled Hibernation
   568 | D:1      | Reached XP level 3. HP: 20/20 MP: 6/6
   582 | D:1      | Reached skill level 1 in Fighting
  1383 | D:2      | Found Plog's Antique Armour Shop.
  1408 | D:2      | Reached XP level 4. HP: 24/25 MP: 1/7
  1970 | D:2      | Learned a level 3 spell: Confusing Touch
  1974 | D:2      | Learned a level 3 spell: Tukima's Dance
  2228 | D:3      | Reached XP level 5. HP: 30/30 MP: 9/9
  2298 | D:3      | Noticed Robin
  2310 | D:3      | Killed Robin
  2508 | D:3      | Found a broken altar of Ashenzari.
  2701 | D:3      | Reached XP level 6. HP: 30/35 MP: 5/10
  3153 | D:3      | Reached skill level 5 in Stealth
  3525 | D:4      | Noticed Natasha
  3676 | D:4      | Reached skill level 1 in Ice Magic
  3945 | D:4      | Found a sand-covered staircase.
  3951 | Ossuary  | Entered an ossuary
  4007 | Ossuary  | Reached XP level 7. HP: 40/40 MP: 11/11
  4275 | D:4      | Identified a scroll of acquirement
  4275 | D:4      | Acquired the +2 pair of boots of Jireisse {Str+3 Slay+2}
  4315 | D:4      | Reached skill level 5 in Short Blades
  4690 | D:4      | Killed Natasha
  4720 | D:4      | Noticed Natasha
  4724 | D:4      | Killed Natasha
  4868 | D:5      | Entered Level 5 of the Dungeon
  5176 | D:5      | Reached XP level 8. HP: 46/46 MP: 7/13
  5782 | D:5      | Noticed Ijyb
  5785 | D:5      | Killed Ijyb
  6128 | D:5      | Reached skill level 5 in Hexes
  6301 | D:6      | Found Emojios's Weapon Emporium.
  6373 | D:6      | Noticed Edmund
  6382 | D:6      | Killed Edmund
  6634 | D:6      | Noticed Jeremiah
  6640 | D:6      | Reached skill level 1 in Evocations
  6640 | D:6      | Reached XP level 9. HP: 48/52 MP: 10/15
  6653 | D:6      | Killed Jeremiah
  7311 | D:6      | Noticed Menkaure
  7314 | D:6      | Killed Menkaure
  7452 | D:7      | Noticed a hornet
  7456 | D:7      | Killed a hornet
  7457 | D:7      | Reached skill level 5 in Fighting
  8040 | D:7      | Reached XP level 10. HP: 59/59 MP: 16/16
  8681 | D:6      | Found a staircase to the Ecumenical Temple.
  8836 | D:6      | Noticed Maggie
  8839 | D:6      | Killed Maggie
  8854 | Temple   | Entered the Ecumenical Temple
  8872 | Temple   | Became a worshipper of the Wu Jian Council
  8963 | D:7      | Learned a level 3 spell: Dazzling Flash
  9001 | D:8      | Acquired the +2 buckler of Ninywk {rPois rCorr Dex+3 SInv}
  9192 | D:8      | Reached skill level 1 in Conjurations
  9329 | D:8      | Reached skill level 1 in Shields
  9370 | D:8      | Found a runed translucent door.
 10055 | D:8      | Reached * piety under Wu Jian
 10665 | D:9      | Reached skill level 5 in Evocations
 10670 | D:9      | Found a flagged portal.
 10686 | Bailey   | Entered a bailey
 10820 | Bailey   | Reached ** piety under Wu Jian
 10869 | Bailey   | Noticed an orc knight
 10898 | Bailey   | Reached XP level 11. HP: 48/66 MP: 1/17
 11012 | Bailey   | Killed an orc knight
 11265 | D:9      | Found a bloodstained altar of Trog.
 11271 | D:9      | Found a faded altar of an unknown god.
 11272 | D:9      | Found a hazy altar of Hepliaklqana.
 11272 | D:9      | Found a faded altar of an unknown god.
 11278 | D:9      | Found a glowing silver altar of Zin.
 11518 | D:9      | Noticed a two-headed ogre
 11521 | D:9      | Killed a two-headed ogre
 11754 | D:10     | Entered Level 10 of the Dungeon
 11931 | D:10     | Noticed Sonja
 11935 | D:10     | Killed Sonja
 11936 | D:10     | Reached skill level 10 in Stealth
 12046 | D:10     | Noticed a boulder beetle
 12054 | D:10     | Killed a boulder beetle
 12516 | D:10     | Noticed Erica
 12521 | D:10     | Banished Erica
 12522 | D:10     | Reached XP level 12. HP: 61/72 MP: 18/18
 12584 | D:10     | Found a sparkling altar of Nemelex Xobeh.
 12915 | D:10     | Found a hide-covered altar of Uskayaw.
 13393 | D:11     | Noticed Fannar
 13395 | D:11     | Killed Fannar
 13396 | D:11     | Reached skill level 10 in Short Blades
 13396 | D:11     | Reached skill level 10 in Hexes
 13428 | D:11     | Reached *** piety under Wu Jian
 13516 | D:11     | Found a staircase to the Lair.
 13531 | D:11     | Noticed Josephine
 13584 | D:11     | Killed Josephine
 13590 | D:11     | Reached skill level 5 in Dodging
 13794 | D:11     | Found a staircase to the Orcish Mines.
 14208 | D:11     | Identified the +5 spear "Nuoses" {heavy, rElec rF+ Str+3
                  | Dex-5}
 14841 | Orc:1    | Entered Level 1 of the Orcish Mines
 14841 | Orc:1    | Noticed Erolcha
 14842 | Orc:1    | Killed Erolcha
 14955 | Orc:1    | Reached **** piety under Wu Jian
 14966 | Orc:1    | Shot with an arrow by an orc warrior

Illustrated notes

Levels and vault maps discovered:
D:1:      wander_arrival_abandoned_jail, layout_basic,
          nicolae_kite_square_tiling_tiny
D:2:      layout_rooms, serial_shops, shop, minmay_split_cup_small
D:3:      corexii_shack_village, layout_basic,
          mainiacjoe_overflow_small_starburst, uniq_robin
D:4:      layout_loops_corners, chequers_ossuary_entry_cave, uniq_natasha
D:5:      layout_basic, minmay_misc_feat_pillars, kennysheep_generic_room_3,
          uniq_ijyb
D:6:      layout_basic, minmay_temple_entry_from_below_a, serial_shops, shop,
          uniq_menkaure, uniq_jeremiah, uniq_maggie, uniq_edmund
D:7:      layout_layer_cave
D:8:      layout_loops_corners, serial_undead, serial_undead_c, serial_undead_f,
          serial_undead_d, serial_undead_d, serial_undead_e, serial_undead_e,
          serial_undead_b, serial_undead_c, serial_undead_b, serial_undead_b,
          ebering_ghost_reflecting_pool, st_stairs_14, kennysheep_dice
D:9:      layout_cave_pools, chequers_temple_overflow_minitemple, enter_bailey_4
D:10:     layout_layer_cave, eat_drink_and_be_merry_uskayaw,
          nemelex_spade_bored_becter, library_closet, uniq_erica, uniq_sonja
D:11:     layout_grid_maze, david_lair_generic, orc_0_dummy, uniq_fannar,
          uniq_josephine
Temple:   nicolae_temple_superstar
Orc:1:    layout_caves, basic_altar, mines2_david, uniq_erolcha

Skill      XL: |  1  2  3  4  5  6  7  8  9 10 11 12 |
---------------+-------------------------------------+-----
Short Blades   | 2 3 4 5 6 7 8 9 10 | 10.0
Fighting       | 1 2 3 4 5 6 7 8 |  8.8
Dodging        | 3 6 |  6.0
Spellcasting   | 3 4 |  4.4
Stealth        | 5 6 8 9 10 11 | 11.8
Ice Magic      | 1 2 3 4 |  4.0
Hexes          | 4 5 6 8 9 11 | 11.1
Evocations     | 1 3 5 6 |  6.5
Conjurations   | 2 4 |  4.0
Shields        | 1 3 4 |  4.0

Action                     |  1- 3 |  4- 6 |  7- 9 | 10-12 || total
---------------------------+-------+-------+-------+-------++-------
  Melee: Dagger            |   101 |   250 |   166 |   468 ||   985
         Punch             |       |     1 |       |       ||     1
         Short sword       |       |       |       |   168 ||   168
   Cast: Ensorcelled Hiber |    12 |    21 |    33 |    42 ||   108
         Confusing Touch   |       |     2 |     8 |    13 ||    23
         Tukima's Dance    |       |       |     5 |     4 ||     9
         Dazzling Flash    |       |       |       |     7 ||     7
Ability: Lunge             |       |       |       |    74 ||    74
         Whirlwind         |       |       |       |    27 ||    27
  Evoke: Wand              |       |       |     3 |       ||     3
    Use: Potion            |     2 |     4 |     2 |     3 ||    11
         Scroll            |     1 |     7 |     8 |     4 ||    20
   Stab: Invisible         |     2 |     1 |     2 |     8 ||    13
         Sleeping          |    19 |    38 |    44 |    78 ||   179
         Distracted        |     1 |     1 |     1 |     2 ||     5
         Confused          |       |     2 |     5 |    14 ||    21
 Armour: Robe              |    33 |    76 |    39 |       ||   148
         Skin              |       |       |    29 |    64 ||    93
         Acid dragon scale |       |       |       |   169 ||   169
  Dodge: Dodged            |    74 |   144 |    89 |   173 ||   480
  Block: Buckler           |       |       |       |   117 ||   117

Table legend: (Time is in decaauts)
 A = Elapsed time spent in this place.
 B = Non-inter-level travel time spent in this place.
 C = Inter-level travel time spent in this place.
 D = Time resting spent in this place.
 E = Time spent auto-exploring this place.
 F = Levels seen in this place.
 G = Mean time per level.
                   A        B        C        D        E       F      G
               +--------+--------+--------+--------+--------+-----+--------+
         Total |  14687 |  14143 |    544 |    832 |  10493 |  15 |  979.1 |
       Dungeon |  13752 |  13225 |    527 |    639 |  10277 |  11 | 1250.2 |
        Temple |     36 |     19 |     17 |      0 |      0 |   1 |   36.0 |
  Orcish Mines |    110 |    110 |      0 |      0 |     65 |   1 |  110.0 |
       Ossuary |    308 |    308 |      0 |     49 |    105 |   1 |  308.0 |
        Bailey |    479 |    479 |      0 |    144 |     46 |   1 |  479.0 |
               +--------+--------+--------+--------+--------+-----+--------+

Top non-repeatable levels by time:
    D:11: 1596 daAuts
     D:8: 1552 daAuts
    D:10: 1399 daAuts
     D:5: 1396 daAuts
     D:1: 1346 daAuts
     D:7: 1303 daAuts
     D:3: 1296 daAuts
     D:6: 1287 daAuts
     D:4: 1153 daAuts
     D:9: 726 daAuts
     D:2: 694 daAuts
  Bailey: 479 daAuts
 Ossuary: 308 daAuts
   Orc:1: 110 daAuts
  Temple: 36 daAuts
